AoeStats
← Lewy6594

Arabian Desert

510117553Analyzed
1v1 RM · 2d ago on Sep 29, 2026· 55m 2s· 2 players
Game mode
Random Map
Map size
Tiny (2 player)
Population
200
Speed
Normal
Resources
Standard
Victory
Conquest
Starting age
Dark Age
Ending age
Imperial Age
RankedLock teamsTeams togetherTeam positionsShared explorationLock speedFull tech treeHidden civsTurbo modeCheats
Victory
Defeat
🇹🇷 Persians · Türkiye
712
+16
🇵🇱 Poles · Poland
717
-16
antmarian77
6:44 Loom
12:11 Feudal Age
16:16 Castle Age
14:23 Horse Collar
21:56 Double-Bit Axe
23:18 Heavy Plow
26:41 Bow Saw
27:51 Gold Mining
28:07 Stone Mining
29:35 Forging
29:31 Scale Barding Armor
30:48 Gold Shaft Mining
30:50 Stone Shaft Mining
32:02 Wheelbarrow
31:16 Town Watch
34:32 Imperial Age
32:54 Iron Casting
35:53 Chemistry
35:04 Masonry
36:18 Blast Furnace
35:40 Chain Barding Armor
35:23 Padded Archer Armor
35:13 Fletching
34:48 Cavalier
35:41 Bloodlines
35:31 Husbandry
35:57 Conscription
38:13 Hand Cart
38:23 Savar
39:46 Town Patrol
45:44 Plate Barding Armor
46:51 Architecture
46:56 Crop Rotation
47:29 Two-Man Saw
53:54 Light Cavalry
Lewy6594
5:20 Loom
13:24 Feudal Age
13:48 Horse Collar
13:54 Double-Bit Axe
14:56 Wheelbarrow
14:10 Town Watch
14:21 Gold Mining
17:36 Bloodlines
20:29 Castle Age
21:21 Bow Saw
21:13 Heavy Plow
22:33 Hand Cart
22:11 Stone Mining
22:41 Fervor
22:56 Husbandry
26:29 Ballistics
26:05 Murder Holes
26:22 Forging
26:20 Scale Barding Armor
25:52 Light Cavalry
28:16 Iron Casting
31:10 Imperial Age
30:04 Chain Barding Armor
29:35 Fletching
30:14 Town Patrol
31:43 Szlachta Privileges
31:31 Cavalier
32:51 Conscription
33:12 Bodkin Arrow
35:15 Stone Shaft Mining
35:14 Crop Rotation
36:04 Chemistry
35:15 Siege Engineers
39:56 Blast Furnace
41:10 Hoardings
42:03 Scale Mail Armor
42:04 Bracer
43:33 Chain Mail Armor
44:09 Pikeman
44:50 Squires
47:39 Plate Mail Armor
50:33 Elite Obuch
Connection lost

Rejoining the realm…

Still unreachable

The connection could not be restored.

Session expired

The server has moved on; the page needs a fresh start.